 Dungeon Crawl Stone Soup version 0.31-a0-369-g8eba5f6939 (webtiles) character file.

Game seed: 13345366250729717540

13710 Flugkiller the Fighter (level 11, -13/120 HPs)
             Began as a Demonspawn Shapeshifter on July 28, 2023.
             Was a Priest of Uskayaw.
             Mangled by a two-headed ogre
             ... wielding a +0 giant spiked club
              (28 damage)
             ... on level 11 of the Dungeon.
             The game lasted 00:13:36 (12162 turns).

Flugkiller the Fighter (Demonspawn Shapeshifter)   Turns: 12162, Time: 00:13:37

Health: -13/120    AC: 13    Str: 23    XL:     11   Next: 79%
Magic:  15/15      EV: 15    Int:  9    God:    Uskayaw [***...]
Gold:   245        SH:  4    Dex: 16    Spells: 10/10 levels left

rFire   . .          .
                       - Unarmed
rCold   . . .        j - melded +0 buckler
rNeg    + . .        x - melded +0 steam dragon scales
rPois   .            (helmet unavailable)
rElec   .            (cloak currently unavailable)
rCorr   .            (gloves currently unavailable)
SInv    .            (boots currently unavailable)
Will    +....        y - amulet "Zafazih" {Acrobat rN+}
Stlth   +            m - ring of willpower
HPRegen 0.40/turn    v - +5 ring of evasion
MPRegen 0.14/turn

%: acrobat
@: snake-form, studying Fighting
A: constrict, boosted hp, large, (antennae 3), (slimy green scales 1), icemail
1, condensation shield, demonic magic 1
a: Begin Untransformation, Renounce Religion, Stomp, Line Pass


You were on level 11 of the Dungeon.
You worshipped Uskayaw.
Uskayaw was noncommittal.
You were an enormous anaconda.
You visited 2 branches of the dungeon, and saw 12 of its levels.

You collected 1125 gold pieces.
You spent 880 gold pieces at shops.

Inventory:

Missiles
 k - 4 curare-tipped darts
Armour
 g - a scarf of shadows
   (You found it on level 1 of the Dungeon)
 i - a +0 chain mail
   (You found it on level 1 of the Dungeon)
 j - a +0 buckler (melded)
   (You took it off a gnoll sergeant on level 8 of the Dungeon)
 s - a +0 pair of gloves
   (You found it on level 3 of the Dungeon)
 x - +0 steam dragon scales (melded)
   (You found it on level 8 of the Dungeon)
Jewellery
 m - a ring of willpower (left hand)
   (You found it on level 3 of the Dungeon)
 v - a +5 ring of evasion (right hand)
   (You found it on level 3 of the Dungeon)
 y - the amulet "Zafazih" (around neck) {Acrobat rN+}
   (You found it on level 8 of the Dungeon)

   [amulet of the acrobat]

   It increases your evasion while moving and waiting.
   rN:        It protects you from negative energy.
Talismans
 c - a beast talisman
 u - a serpent talisman
   (You found it on level 8 of the Dungeon)
Wands
 l - a wand of digging (4)
   (You found it on level 2 of the Dungeon)
 C - a wand of flame (4)
   (You found it on level 9 of the Dungeon)
 D - a wand of paralysis (7)
   (You found it on level 9 of the Dungeon)
 H - a wand of polymorph (7)
   (You found it on level 7 of the Dungeon)
Scrolls
 a - a scroll of torment
 e - 2 scrolls of fog
 o - a scroll of immolation
 p - a scroll of revelation
 t - 2 scrolls of teleportation
 z - 2 scrolls of blinking
 A - a scroll of enchant armour
 G - a scroll of vulnerability {unknown}
 J - a scroll of fear {unknown}
Potions
 b - a potion of attraction
 d - a potion of might
 f - a potion of lignification
 h - 2 potions of haste
 n - a potion of invisibility
 q - 2 potions of curing
 w - 3 potions of heal wounds
 B - 2 potions of degeneration {unknown}
 I - a potion of resistance {unknown}
 K - a potion of cancellation {unknown}


   Skills:
 - Level 14.0 Fighting
 - Level 1.7 Dodging
 + Level 9.5 Unarmed Combat
 - Level 6.1 Invocations
 - Level 9.0 Shapeshifting


You had 10 spell levels left.
You didn't know any spells.
Your spell library contained the following spells:

 Spells                   Type           Power      Damage    Failure   Level
 Blink                    Tloc           0%         N/A       52%         2
 Cigotuvi's Dreadful Rot  Necr/Pois/Air  0%         N/A       52%         2
 Lesser Beckoning         Tloc           0%         N/A       52%         2
 Momentum Strike          Conj/Tloc      0%         3d8       52%         2
 Ozocubu's Armour         Ice            0%         N/A       77%         3
 Animate Armour           Summ/Erth      0%         N/A       99%         4
 Dispel Undead            Necr           0%         3d6       99%         4
 Summon Ice Beast         Ice/Summ       0%         N/A       99%         4
 Summon Lightning Spire   Summ/Air       0%         N/A       99%         4
 Lee's Rapid Deconstruct  Erth           0%         3d4*      100%        5
 Metabolic Englaciation   Hex/Ice        0%         N/A       100%        5
 Summon Mana Viper        Hex/Summ       0%         N/A       100%        5
 Death Channel            Necr           0%         N/A       100%        6
 Simulacrum               Ice/Necr       0%         N/A       100%        6
 Monstrous Menagerie      Summ           0%         N/A       100%        7


Dungeon Overview and Level Annotations

Branches:
Dungeon (11/15) Zot: 26658  Temple (1/1) D:6 Zot: 5961    Lair (0/5) D:10
    Orc (0/2) D:11

Altars:
Ashenzari
Cheibriados
Dithmenos
Fedhas
Gozag
Hepliaklqana
Kikubaaqudgha
Makhleb
Nemelex Xobeh
Okawaru
Qazlal
Ru
Sif Muna
Trog
Uskayaw
Vehumet
Wu Jian
Xom
Yredelemnul

Shops:
D:3 [   D:7 :

Annotations:
D:7 Maggie
D:8 2 transporters, FlatIsJustice's ghost, novice DEFE
D:10 4 transporters


Innate Abilities, Weirdness & Mutations

You are an enormous anaconda.
You have a powerful constriction melee attack.
Your maximum health is increased.
Your armour is entirely melded.
You are incapable of wielding weapons or throwing items.
((You have a pair of large antennae on your head. (SInv)))
((You are partially covered in slimy green scales. (AC +2)))
A meltable icy envelope protects you from harm. (AC +4)
A meltable shield of frost defends you. (SH +4)
Spells you cast may paralyse adjacent enemies.


Message History

There is an open door here.
You open the door.
There is an open door here.
You hear the stately tolling of a bell very nearby.
You open the door.
Found 9 gold pieces and a trident.
Found a fizzy orange potion.
Found a stone staircase leading up.
There is an open door here.
Found 18 gold pieces.
You now have 199 gold pieces (gained 9).
You now have 213 gold pieces (gained 14).
You see here a +0 trident.
B - 2 fizzy orange potions (gained 1)
You see here a +0 trident.
You now have 231 gold pieces (gained 18).
As you open the door, it creaks loudly!
There is an open door here.
You hear the stately tolling of a bell very nearby.
You open the door.
Found 14 gold pieces.
There is an open door here.
You now have 245 gold pieces (gained 14).
You open the door.
There is an open door here.
You open the door.
A two-headed ogre and a centaur come into view.
The two-headed ogre shouts in stereo!
The centaur shouts!
The centaur wields a +0 shortbow.
The centaur shoots an arrow.
The arrow closely misses you.
A cyclops comes into view.
There is an open door here.
The centaur shoots an arrow.
The arrow hits you.
The two-headed ogre attacks as you move away!
The two-headed ogre barely misses you. The two-headed ogre misses you.
There is an open door here.
You hit the two-headed ogre. You grab the two-headed ogre.
The two-headed ogre is lightly wounded.
You constrict the two-headed ogre.
You hit the two-headed ogre but do no damage.
The two-headed ogre is lightly wounded.
You constrict the two-headed ogre.
The centaur unwields a +0 shortbow.
The centaur hits you but does no damage.
The centaur closely misses you.
The two-headed ogre hits you with a +0 giant spiked club!
The two-headed ogre closely misses you.
You hit the two-headed ogre but do no damage.
The two-headed ogre is lightly wounded.
You constrict the two-headed ogre. You block the centaur's attack.
The centaur kicks you but does no damage.
The centaur hits you.
The centaur kicks you but does no damage.
The two-headed ogre hits you with a +0 giant spiked club!!
The two-headed ogre hits you with a +0 giant club!
You are too injured to fight recklessly!
You are too injured to fight recklessly!
You hit the two-headed ogre.
The two-headed ogre is lightly wounded.
You constrict the two-headed ogre! You block the centaur's attack.
The centaur barely misses you.
You can now pass through a line of other dancers.
You hit the two-headed ogre.
The two-headed ogre is heavily wounded.
You constrict the two-headed ogre. The centaur hits you.
The centaur kicks you but does no damage.
The two-headed ogre barely misses you.
The two-headed ogre hits you with a +0 giant club!
You release your grip on the two-headed ogre.
The centaur wields a +0 shortbow.
The centaur shoots an arrow.
The arrow misses you.
Aiming: Throw Flame
Press: ? - help, Shift-Dir - straight line, f - two-headed ogre
Aim: a two-headed ogre, wielding a +0 giant spiked club and a +0 giant club (heavily wounded, 85% to hit)
The puff of flame hits the two-headed ogre!
The two-headed ogre is severely wounded.
Aiming: Throw Flame
Press: ? - help, Shift-Dir - straight line, f/p - two-headed ogre
Aim: a two-headed ogre, wielding a +0 giant spiked club and a +0 giant club (severely wounded, 85% to hit)
The puff of flame hits the two-headed ogre.
The two-headed ogre is severely wounded.
You barely miss the two-headed ogre. You grab the two-headed ogre.
The two-headed ogre is severely wounded.
You constrict the two-headed ogre.
The two-headed ogre hits you with a +0 giant spiked club!!
* * * LOW HITPOINT WARNING * * *
The two-headed ogre hits you with a +0 giant club!!
* * * LOW HITPOINT WARNING * * *
Uskayaw will force your foes to helplessly watch your dance.
Uskayaw prepares the audience for your solo!
The helpless two-headed ogre fails to defend itself.
You hit the two-headed ogre.
The two-headed ogre is severely wounded.
You constrict the two-headed ogre.
The helpless two-headed ogre fails to defend itself.
You hit the two-headed ogre.
The two-headed ogre is almost dead.
You constrict the two-headed ogre.
The two-headed ogre is no longer paralysed.
The centaur is no longer paralysed.
The two-headed ogre hits you with a +0 giant spiked club!!
You die...

#.........+
#.........#
#.........#
#.........#
#.........#
#..Cc.....#
####'###### #C#####
#.cOS.# #####'##
#......############
#......'..#.......###
#......##.#.........#
#......##.#.......#..
#......##.........##.
#......####.......##.
#......# #.......##.


You could see a two-headed ogre, a cyclops and a centaur.

Vanquished Creatures
  A two-headed ogre (D:10)
  Joseph (D:8)
  2 kobold demonologists
  4 trolls
  A hornet (D:4)
  Sigmund (D:5)
  3 wyverns
  A wraith (D:11)
  36 yaks
  3 steam dragons
  An acid dragon (D:10)
  2 water moccasins
  4 orc warriors
  3 black bears
  2 sky beasts
  5 centaurs
  2 ogres (D:5)
  2 phantoms
  11 kobold brigands
  5 bullfrogs
  3 gnoll sergeants
  4 scorpions
  10 killer bees
  3 howler monkeys
  4 hounds
  4 orc priests
  3 sleepcaps
  6 iguanas
  7 orc wizards
  Terence (D:3)
  14 gnolls
  15 adders
  A white imp (D:5)
  An ufetubus (D:6)
  6 worms
  A dart slug (D:5)
  32 orcs
  7 bats
  4 endoplasms
  5 giant cockroaches
  6 goblins
  12 hobgoblins
  20 kobolds
  4 ball pythons
  A frilled lizard (D:1)
  7 rats
271 creatures vanquished.

Notes
Turn   | Place    | Note
-------+----------+-------------------------------------------
     0 | D:1      | Flugkiller the Demonspawn Shapeshifter began the quest for
                  | the Orb.
     0 | D:1      | Reached XP level 1. HP: 15/15 MP: 1/1
   212 | D:1      | Gained mutation: A meltable shield of frost defends you.
                  | (SH +4) [demonic ancestry]
   212 | D:1      | Reached XP level 2. HP: 22/22 MP: 2/2
   396 | D:1      | Reached skill level 2 in Fighting
  1063 | D:2      | Reached XP level 3. HP: 27/28 MP: 3/3
  1080 | D:2      | Reached skill level 3 in Fighting
  1340 | D:2      | Gained mutation: You have a pair of small antennae on your
                  | head. [demonic ancestry]
  1340 | D:2      | Reached XP level 4. HP: 35/35 MP: 4/4
  2194 | D:2      | Gained mutation: You are partially covered in slimy green
                  | scales. (AC +2) [demonic ancestry]
  2194 | D:2      | Reached XP level 5. HP: 39/41 MP: 5/5
  2532 | D:3      | Noticed Terence
  2548 | D:3      | Killed Terence
  2816 | D:3      | Found Zyifesk's Armour Emporium.
  3006 | D:4      | Noticed an orc warrior
  3223 | D:4      | Noticed a hornet
  3235 | D:4      | Killed a hornet
  3236 | D:4      | Reached skill level 4 in Fighting
  3236 | D:4      | Reached XP level 6. HP: 39/48 MP: 6/6
  3678 | D:4      | Gained mutation: You have a pair of antennae on your head.
                  | [demonic ancestry]
  3678 | D:4      | Reached XP level 7. HP: 42/55 MP: 7/7
  3696 | D:4      | Found a radiant altar of Vehumet.
  3854 | D:4      | Found a hazy altar of Hepliaklqana.
  4015 | D:4      | Identified the +2 leather armour "Ulai" {Contam rElec rN++
                  | Dex+2}
  4348 | D:5      | Entered Level 5 of the Dungeon
  4640 | D:5      | Reached skill level 5 in Shapeshifting
  4868 | D:5      | Reached skill level 5 in Fighting
  4868 | D:5      | Reached skill level 5 in Unarmed Combat
  4995 | D:5      | Reached XP level 8. HP: 63/63 MP: 8/8
  5047 | D:5      | Noticed Sigmund
  5060 | D:5      | Reached skill level 6 in Fighting
  5261 | D:5      | Killed Sigmund
  6209 | D:6      | Reached skill level 7 in Fighting
  6251 | D:6      | Found a staircase to the Ecumenical Temple.
  6303 | Temple   | Entered the Ecumenical Temple
  6322 | Temple   | Became a worshipper of Uskayaw the Reveller
  6384 | D:6      | Reached * piety under Uskayaw
  6392 | D:6      | Reached skill level 1 in Invocations
  6394 | D:6      | Reached ** piety under Uskayaw
  6458 | D:6      | Reached *** piety under Uskayaw
  6460 | D:6      | Reached **** piety under Uskayaw
  6461 | D:6      | Gained mutation: Spells you cast may paralyse adjacent
                  | enemies. [demonic ancestry]
  6461 | D:6      | Reached XP level 9. HP: 70/72 MP: 10/10
  7273 | D:7      | Found Bimosh's Book Emporium.
  7401 | D:7      | Reached skill level 5 in Invocations
  7993 | D:7      | Noticed Maggie
  8249 | D:8      | Noticed Joseph
  8429 | D:8      | Found a transporter.
  9064 | D:8      | Killed Joseph
  9226 | D:8      | Noticed a kobold demonologist
  9234 | D:8      | Reached ***** piety under Uskayaw
  9243 | D:8      | Gained mutation: You have a pair of large antennae on your
                  | head. (SInv) [demonic ancestry]
  9243 | D:8      | Reached XP level 10. HP: 62/80 MP: 14/14
  9243 | D:8      | Reached ****** piety under Uskayaw
  9313 | D:8      | Identified the amulet "Zafazih" {Acrobat rN+}
  9481 | D:8      | Noticed FlatIsJustice's ghost (novice DEFE)
  9483 | D:8      | Noticed a two-headed ogre
  9691 | D:8      | Found a transporter.
  9771 | D:7      | Bought a manual of Fighting for 880 gold pieces
  9828 | D:9      | Reached skill level 8 in Fighting
 10250 | D:9      | Reached skill level 9 in Fighting
 10551 | D:9      | Reached skill level 10 in Fighting
 10966 | D:9      | Gained mutation: A meltable icy envelope protects you from
                  | harm. (AC +4) [demonic ancestry]
 10966 | D:9      | Reached XP level 11. HP: 83/92 MP: 15/15
 10967 | D:9      | Reached skill level 11 in Fighting
 11123 | D:10     | Entered Level 10 of the Dungeon
 11160 | D:10     | Found a transporter.
 11162 | D:10     | Found a transporter.
 11166 | D:10     | Found a transporter.
 11272 | D:10     | Reached skill level 12 in Fighting
 11272 | D:10     | Noticed a two-headed ogre
 11283 | D:10     | Killed a two-headed ogre
 11284 | D:10     | Reached skill level 13 in Fighting
 11392 | D:10     | Found a transporter.
 11466 | D:10     | Found a staircase to the Lair.
 11749 | D:10     | Reached skill level 14 in Fighting
 11978 | D:11     | Found a staircase to the Orcish Mines.
 12145 | D:11     | Noticed a two-headed ogre
 12162 | D:11     | Mangled by a two-headed ogre

Illustrated notes

Levels and vault maps discovered:
D:1:      amcnicky_arrival_wind_blow, layout_basic, minivault_4
D:2:      layout_basic
D:3:      layout_basic, serial_shops, shop, uniq_terence
D:4:      layout_layer_cave, nicolae_hepliaklqana_hippocampus,
          nicolae_vehumet_altar_sigil, minivault_11, ldierk_geyser,
          guppyfry_early_orc_mine
D:5:      minmay_polygon_palace, layout_basic, uniq_sigmund
D:6:      layout_basic, minmay_temple_entry_gardened_gates, serial_curves,
          eino_curves_01, eino_curves_04, grunt_ministairs_8
D:7:      layout_basic, serial_rivers, chequers_serial_rivers_large_b,
          chequers_serial_rivers_room_b, chequers_serial_rivers_micro_a,
          chequers_serial_rivers_micro_b, serial_shops, shop,
          hangedman_decor_slide_cut, uniq_maggie
D:8:      layout_basic, gammafunk_ghost_smash, special_room
          [special_room_kobold], uniq_joseph
D:9:      layout_basic
D:10:     layout_small_grid, due_lair_maze_entry_diamond,
          nicolae_transporter_circle
D:11:     layout_roguey, orc_0_dummy, serial_shops, bzr_entry_road
Temple:   nicolae_temple_slightly_damp_pantheon

Skill      XL: |  1  2  3  4  5  6  7  8  9 10 11 |
---------------+----------------------------------+-----
Unarmed Combat | 3 4 5 7 9 |  9.5
Fighting       | 2 3 4 5 7 10 14 | 14.0
Shapeshifting  | 3 4 5 6 9 |  9.0
Invocations    | 2 6 |  6.1
Dodging        | |  1.7

Action                     |  1- 3 |  4- 6 |  7- 9 | 10-12 || total
---------------------------+-------+-------+-------+-------++-------
  Melee: Unarmed           |   106 |   158 |   378 |   316 ||   958
         Punch             |     2 |     3 |    14 |       ||    19
         Constrict         |       |       |     1 |    38 ||    39
  Evoke: Wand              |       |       |       |     2 ||     2
    Use: Potion            |       |     3 |     2 |       ||     5
         Scroll            |       |     2 |     6 |     5 ||    13
   Stab: Sleeping          |     1 |       |       |     1 ||     2
         Paralysed         |       |       |     9 |    28 ||    37
         Distracted        |       |       |     1 |       ||     1
 Armour: Animal skin       |     5 |       |       |       ||     5
         Chain mail        |     7 |       |       |       ||     7
         Leather armour    |    10 |    31 |    53 |       ||    94
         Skin              |       |     4 |     1 |    41 ||    46
         Steam dragon scal |       |       |     5 |     9 ||    14
  Dodge: Dodged            |    43 |    76 |   229 |   196 ||   544
  Block: Other             |    10 |    22 |    52 |    22 ||   106
         Buckler           |       |       |    10 |    55 ||    65
   Form: Anaconda          |       |       |     3 |     1 ||     4
         Beast             |       |       |     3 |       ||     3

Table legend: (Time is in decaauts)
 A = Elapsed time spent in this place.
 B = Non-inter-level travel time spent in this place.
 C = Inter-level travel time spent in this place.
 D = Time resting spent in this place.
 E = Time spent auto-exploring this place.
 F = Levels seen in this place.
 G = Mean time per level.
                   A        B        C        D        E       F      G
               +--------+--------+--------+--------+--------+-----+--------+
         Total |  12082 |  11340 |    742 |   2058 |   6694 |  12 | 1006.8 |
       Dungeon |  12043 |  11337 |    706 |   2058 |   6694 |  11 | 1094.8 |
        Temple |     38 |      2 |     36 |      0 |      0 |   1 |   38.0 |
               +--------+--------+--------+--------+--------+-----+--------+

Top non-repeatable levels by time:
     D:5: 1744 daAuts
     D:7: 1437 daAuts
     D:2: 1307 daAuts
     D:9: 1300 daAuts
     D:8: 1194 daAuts
     D:4: 1092 daAuts
     D:1: 1009 daAuts
     D:3: 1009 daAuts
     D:6: 924 daAuts
    D:10: 681 daAuts
    D:11: 341 daAuts
  Temple: 38 daAuts
